 Dungeon Crawl Stone Soup version 0.28.0-43-g3370ac3207 (webtiles) character file.

Game seed: 6119743856806389969

329 Sharkman1231 the Skirmisher (level 6, 0/53 HPs)
             Began as a Demonspawn Wanderer on Mar 5, 2022.
             Slain by an adder (3 damage)
             ... on level 5 of the Dungeon.
             The game lasted 00:02:48 (4208 turns).

Sharkman1231 the Skirmisher (Demonspawn Wanderer)   Turns: 4208, Time: 00:02:48

Health: 0/53       AC:  6    Str: 16    XL:     6   Next: 25%
Magic:  9/9        EV:  9    Int: 18    God:
Gold:   195        SH:  0    Dex: 12    Spells: 9/9 levels left

rFire   . . .      SeeInvis .   a - +2 dagger (venom)
rCold   . . .      Faith    .   (no shield)
rNeg    . . .      Spirit   .   d - +0 scale mail
rPois   .          Reflect  .   (no helmet)
rElec   .          Harm     .   (no cloak)
rCorr   .          Rampage  .   (no gloves)
Will    .....                   (no boots)
Stlth   ..........              (no amulet)
HPRegen 0.17/turn               o - +6 ring of intelligence
MPRegen 0.11/turn               (no ring)

@: lethally poisoned (0 -> -1), hasted, very quick
A: spiny 1, demonic touch 2
a: no special abilities


You were on level 5 of the Dungeon.
You visited 1 branch of the dungeon, and saw 5 of its levels.

You collected 195 gold pieces.

Inventory:

Hand Weapons
 a - a +2 dagger of venom (weapon)
 i - a +0 club
Armour
 d - a +0 scale mail (worn)
 l - a +0 pair of gloves
Jewellery
 o - a +6 ring of intelligence (left hand)
 t - a ring of see invisible
Wands
 c - a wand of polymorph (5) (quivered)
 s - a wand of flame (20)
Scrolls
 e - a scroll of enchant weapon {unknown}
 g - 2 scrolls of fog
 h - 2 scrolls of teleportation
 j - a scroll of magic mapping {unknown}
 m - 2 scrolls of noise {unknown}
 n - 3 scrolls of identify {unknown}
 p - a scroll of silence {unknown}
 q - a scroll of immolation {unknown}
 r - a scroll of fear {unknown}
Potions
 b - 2 potions of haste
 f - a potion of invisibility {unknown}
 k - a potion of mutation {unknown}
 u - a potion of lignification {unknown}


   Skills:
 + Level 6.4 Fighting
 - Level 1.0 Throwing
 - Level 2.0 Spellcasting
 - Level 1.0 Summonings
 - Level 2.6 Transmutations
 - Level 2.0 Evocations


You had 9 spell levels left.
You didn't know any spells.
Your spell library contained the following spells:

 Spells                   Type           Power      Damage    Failure   Level
 Wereblood                Tmut           11%        N/A       34%         2
 Sting                    Tmut/Pois      24%        1d4       36%         1
 Summon Small Mammal      Summ           20%        N/A       41%         1
 Call Canine Familiar     Summ           5%         N/A       80%         3
 Ice Form                 Ice/Tmut       6%         N/A       98%         4


Dungeon Overview and Level Annotations

Branches:
Dungeon (5/15)
 Temple: D:4-7

Altars:
Hepliaklqana
Nemelex Xobeh
Okawaru
Vehumet

Annotations:
D:5 Edmund


Innate Abilities, Weirdness & Mutations

You are partially covered in sharp spines.
Your touch may inflict irresistible damage on your foes.


Message History

Edmund hits you with a +3 vorpal flail.
A scorpion comes into view.
You hit the white imp but do no damage.
The white imp is severely wounded.
The white imp hits you but does no damage.
Edmund hits you with a +3 vorpal flail!
You hit the white imp.
You kill the white imp!
Edmund hits you with a +3 vorpal flail.
* * * LOW HITPOINT WARNING * * *
x2 You are too injured to fight recklessly!
Unknown command.
An adder comes into view.
The adder is struck by your spines. The adder bites you but does no damage.
The adder bites you but does no damage. The adder bites you.
* * * LOW HITPOINT WARNING * * *
You see here a +0 ring mail.
The shadow strikes at you from the darkness!
* * * LOW HITPOINT WARNING * * *
Reactivating autopickup.
The adder bites you but does no damage. The adder bites you.
* * * LOW HITPOINT WARNING * * *
The shadow slips into darkness.
The shadow flickers and vanishes!
Deactivating autopickup; reactivate with Ctrl-A.
The adder barely misses you. The adder bites you.
* * * LOW HITPOINT WARNING * * *
You are poisoned.
The adder poisons you!
You feel sick.
You feel sick.
You feel sick. The adder bites you.
* * * LOW HITPOINT WARNING * * *
You feel sick.
It was a potion of haste.
You feel yourself speed up.
You feel sick. The adder is struck by your spines. The adder bites you.
You die...

####### #.#####.#
#...... ......#
#.# #.# ##.#...♣
......# #.#
#.#########.....♣.
)....†####.#
#..........{...♣.♣
....##.....#
######.#####..♣.♣[
...##..###.### #s#
#.♣.♣._
..##.###.....# #.#
#W.♣.♣. .##.##
#.....########.#
#..@♣.♣ ##.##
#.....<.(@Ss...#
#....♣. ##.#
#.....##########
#.#.).♣ ###
#...).# #......
###.### ####.##
#†# ######..## #.#
..........s
####.####
.##########
#....(..#
#.......#


You could see a scorpion and an adder.

Vanquished Creatures
  A necrophage (D:5)
  A sky beast (D:5)
  A hound skeleton (D:4)
  3 adders
  2 white imps
  An adder skeleton (D:4)
  A worm (D:2)
  3 dart slugs
  3 orcs
  6 endoplasms
  4 giant cockroaches
  8 goblins
  8 hobgoblins
  4 jackals (D:1)
  8 kobolds
  3 quokkas
  9 ball pythons
  5 bats
  6 frilled lizards
  7 rats
84 creatures vanquished.

Notes
Turn   | Place    | Note
-------+----------+-------------------------------------------
     0 | D:1      | Sharkman1231 the Demonspawn Wanderer began the quest for
                  | the Orb.
     0 | D:1      | Sharkman1231 set off with the following items: a +0 club, a
                  | +0 leather armour, a wand of polymorph (5); and the
                  | following spells available to memorise: Wereblood, Sting,
                  | Summon Small Mammal, Call Canine Familiar, Ice Form
     0 | D:1      | Reached XP level 1. HP: 15/15 MP: 3/3
   365 | D:1      | Reached skill level 2 in Fighting
   374 | D:1      | Gained mutation: You are partially covered in sharp spines.
                  | [demonic ancestry]
   374 | D:1      | Reached XP level 2. HP: 9/22 MP: 5/5
   863 | D:1      | Reached skill level 3 in Fighting
   866 | D:1      | Gained mutation: Your touch may inflict minor irresistible
                  | damage on your foes. [demonic ancestry]
   866 | D:1      | Reached XP level 3. HP: 27/29 MP: 6/6
  2226 | D:3      | Found a sparkling altar of Nemelex Xobeh.
  2233 | D:3      | Reached skill level 4 in Fighting
  2233 | D:3      | Reached XP level 4. HP: 34/37 MP: 7/7
  2333 | D:3      | Found a hazy altar of Hepliaklqana.
  3085 | D:4      | Found a radiant altar of Vehumet.
  3948 | D:5      | Entered Level 5 of the Dungeon
  3952 | D:5      | Noticed a sky beast
  3953 | D:5      | Noticed a necrophage
  3962 | D:5      | Killed a sky beast
  3963 | D:5      | Reached skill level 5 in Fighting
  3963 | D:5      | Gained mutation: Your touch may inflict irresistible damage
                  | on your foes. [demonic ancestry]
  3963 | D:5      | Reached XP level 5. HP: 46/46 MP: 8/8
  3975 | D:5      | Killed a necrophage
  3976 | D:5      | Reached skill level 6 in Fighting
  3976 | D:5      | Reached XP level 6. HP: 32/52 MP: 9/9
  4168 | D:5      | Found an iron altar of Okawaru.
  4169 | D:5      | Noticed a shadow
  4170 | D:5      | Noticed Edmund
  4208 | D:5      | Slain by an adder

Illustrated notes

Levels and vault maps discovered:
D:1:      minmay_arrival_three_doors, layout_loops_cross, chequers_arboretum,
          minmay_quantized
D:2:      layout_basic
D:3:      layout_basic, mainiacjoe_overflow_24_doors,
          mainiacjoe_overflow_cross_hatched
D:4:      layout_basic, vehumet_altar_wand_db
D:5:      layout_loops_ring, okawaru_trees_2, amethyst_killhole,
          corexii_checkpoint_a, uniq_edmund

Skill      XL: |  1  2  3  4  5 |
---------------+----------------+-----
Fighting       | 2 3 4 5 6 |  6.4
Throwing       | |  1.0
Spellcasting   | |  2.0
Summonings     | |  1.0
Transmutations | |  2.6
Evocations     | |  2.0

Action                   |  1- 3 |  4- 6 || total
-------------------------+-------+-------++-------
Melee: Club              |    70 |       ||    70
       Dagger            |    39 |    64 ||   103
       Touch             |     9 |    11 ||    20
       Punch             |     1 |     2 ||     3
  Use: Scroll            |       |     2 ||     2
       Potion            |       |     1 ||     1
Armor: Scale mail        |    61 |    30 ||    91
Dodge: Dodged            |    42 |    17 ||    59
